 Dungeon Crawl Stone Soup version 0.26.1-10-gdfb7c7de75 (webtiles) character file.

Game seed: 10316981699186022869

330 GenialerGandalf the Skirmisher (level 6, 0/53 HPs)
             Began as a Hill Orc Fighter on Apr 5, 2021.
             Slain by an ogre
             ... wielding a +0 giant club
              (4 damage)
             ... on level 3 of the Dungeon.
             The game lasted 00:18:19 (4711 turns).

GenialerGandalf the Skirmisher (Hill Orc Fighter)   Turns: 4711, Time: 00:18:20

Health: 0/53       AC: 12    Str: 21    XL:     6   Next: 51%
Magic:  0/6        EV:  4    Int:  8    God:
Gold:   190        SH:  9    Dex: 10    Spells: 5/5 levels left

rFire    . . .     SeeInvis .   p - +1 scimitar
rCold    . . .     Faith    .   c - +0 kite shield
rNeg     . . .     Spirit   +   q - +1 plate armour
rPois    .         Reflect  .   (no helmet)
rElec    .         Harm     .   (no cloak)
rCorr    .         Rampage  .   (no gloves)
Will     .....                  (no boots)
Stlth    ..........             y - amulet of guardian spirit
HPRegen  0.17/turn              h - ring of attention (curse)
MPRegen  0.10/turn              (no ring)

@: no status effects
A: no striking features
a: no special abilities


You were on level 3 of the Dungeon.
You visited 1 branch of the dungeon, and saw 4 of its levels.

You collected 190 gold pieces.

Inventory:

Hand Weapons
 a - a +0 war axe
 p - a +1 scimitar (weapon)
 A - a +2 short sword of venom
Missiles
 f - 128 stones (quivered)
 k - 20 arrows
 n - 31 bolts
 z - 15 poisoned darts
Armour
 b - a +0 scale mail
 c - a +0 kite shield (worn)
 q - a +1 plate armour (worn)
Jewellery
 h - a cursed ring of attention (left hand)
 y - an amulet of guardian spirit (around neck)
Wands
 r - a wand of flame (23)
 w - a wand of paralysis (11)
Scrolls
 e - a scroll of teleportation
 g - a scroll of random uselessness
 i - 2 scrolls of enchant weapon
 j - a scroll of blinking {unknown}
 l - 2 scrolls of identify
 o - 3 scrolls of magic mapping
 s - 2 scrolls of amnesia
 t - a scroll of noise
 u - 2 scrolls of enchant armour
Potions
 d - a potion of might
 m - 2 potions of curing {unknown}
 v - 2 potions of heal wounds
 x - 3 potions of flight {unknown}
 B - a potion of attraction {unknown}


   Skills:
 + Level 4.4 Fighting
 + Level 4.2 Long Blades
 + Level 4.2 Axes
 + Level 4.2 Armour
 + Level 0.3 Dodging
 + Level 4.3 Shields


You had 5 spell levels left.
You didn't know any spells.
Your spell library was empty.

Dungeon Overview and Level Annotations

Branches:
Dungeon (4/15)
 Temple: D:4-7

Altars:

Shops:
D:4 (


Message History

* * * LOW HITPOINT WARNING * * *
There is a stone staircase leading up here.
You climb upwards.
There is a stone staircase leading down here.
There is a stone staircase leading down here.
There is a stone staircase leading down here.
There is a stone staircase leading down here.
You can't go up here!
You climb downwards.
The ogre hits you with a +0 giant club!
There is a stone staircase leading up, spattered with blood here.
The ogre hits you with a +0 giant club!
The ogre hits you with a +0 giant club!!
* * * LOW HITPOINT WARNING * * *
There is a stone staircase leading up, spattered with blood here.
You climb upwards.
There is a stone staircase leading down here.
The ogre hits you with a +0 giant club!
* * * LOW HITPOINT WARNING * * *
The ogre hits you with a +0 giant club.
You die...

# #..######'###.........#
######.........###.........#
...#............##.........#
...#............##.........#
................##.........#
...#.[...[......##.........#
...####......).......#######
..## #..........O...# #.#
#.<.......@....#
#.#####..............#
.........#.###########
.........#.# .........#.#
.........#.################
.........#.##..........)..#
........##.##..........##.#
..[.....##.##..........##.#


You could see an ogre.

Vanquished Creatures
  An ice beast (D:4)
  3 orc wizards
  5 adders
  A white imp (D:4)
  An ooze (D:2)
  A dart slug (D:2)
  A leopard gecko (D:3)
  14 orcs
  5 bats
  2 giant cockroaches
  8 hobgoblins
  12 jackals
  8 kobolds
  6 quokkas
  A ball python (D:3)
  4 goblins
  A jackal skeleton (D:4)
  4 rats
78 creatures vanquished.

Notes
Turn   | Place    | Note
-------+----------+-------------------------------------------
     0 | D:1      | GenialerGandalf the Hill Orc Fighter began the quest for
                  | the Orb.
     0 | D:1      | Reached XP level 1. HP: 19/19 MP: 1/1
   246 | D:1      | Reached XP level 2. HP: 20/27 MP: 2/2
  1141 | D:2      | Reached XP level 3. HP: 33/33 MP: 3/3
  1427 | D:2      | Reached XP level 4. HP: 37/40 MP: 4/4
  2447 | D:3      | Reached skill level 1 in Long Blades
  2926 | D:3      | Reached XP level 5. HP: 26/46 MP: 5/5
  3348 | D:4      | Found Tuaxokhlodgh's Antique Weapon Shoppe.
  3774 | D:4      | Reached XP level 6. HP: 50/52 MP: 4/6
  3904 | D:4      | Noticed an ice beast
  4138 | D:4      | Killed an ice beast
  4711 | D:3      | Slain by an ogre

Illustrated notes

Levels and vault maps discovered:
D:1:      co_arrival_random_square_maze, layout_loops_ring
D:2:      layout_basic
D:3:      layout_basic
D:4:      minmay_bubble_buster, layout_rooms, serial_shops,
          nicolae_shop_temple_entry_statues_fountains, uniq_crazy_yiuf_cottage

Skill      XL: |  1  2  3  4  5  6 |
---------------+-------------------+-----
Axes           | 3 4 |  4.2
Fighting       | 4 |  4.4
Long Blades    | 2 3 4 |  4.2
Shields        | 4 |  4.3
Armour         | 4 |  4.2
Dodging        | |  0.3

Action                   |  1- 3 |  4- 6 || total
-------------------------+-------+-------++-------
Melee: War axe           |    61 |       ||    61
       Scimitar          |    35 |   191 ||   226
  Use: Scroll            |     1 |     7 ||     8
Armor: Scale mail        |    18 |       ||    18
       Plate armour      |    42 |   212 ||   254
Dodge: Dodged            |    34 |    33 ||    67
Block: Kite shield       |    69 |   157 ||   226
       Rpst.: Scimitar   |     2 |    11 ||    13
